 Dungeon Crawl Stone Soup version 0.31-a0-237-g2d982f9f85 (webtiles) character file.

Game seed: 8527245697520465796

3924 qw the Skirmisher (level 10, -4/88 HPs)
             Began as a Minotaur Hexslinger on July 10, 2023.
             Was a Believer of Okawaru.
             Slain by a water moccasin (6 damage)
             ... on level 8 of the Dungeon.
             The game lasted 00:02:29 (7231 turns).

qw the Skirmisher (Minotaur Hexslinger)             Turns: 7231, Time: 00:02:29

Health: -4/88      AC:  8    Str: 10    XL:     10   Next: 1%
Magic:  12/12      EV: 15    Int: 10    God:    Okawaru [**....]
Gold:   277        SH:  0    Dex: 18    Spells: 10/11 levels left

rFire   . . .        Y - +0 arbalest (freeze)
rCold   . . .        (shield currently unavailable)
rNeg    + + .        t - +0 steam dragon scales
rPois   +            e - +1 hat
rElec   .            u - +0 cloak
rCorr   .            n - +0 pair of gloves
SInv    .            (no boots)
Will    .....        p - amulet of faith
Stlth   ++           g - ring of positive energy
HPRegen 0.34/turn    h - ring of positive energy
MPRegen 0.13/turn

%: faith
@: about to teleport
A: horns 2, retaliatory headbutt, poison resistance, weak 1, MP-powered wands
a: Renounce Religion, Heroism


You were on level 8 of the Dungeon.
You worshipped Okawaru.
Okawaru was pleased with you.
You visited 2 branches of the dungeon, and saw 10 of its levels.

You collected 384 gold pieces.
You spent 107 gold pieces at shops.


Innate Abilities, Weirdness & Mutations

You have a pair of horns on your head.
You reflexively headbutt those who attack you in melee.
Your system is resistant to poisons. (rPois)
You are weak. (Str -2)
You expend magic power (3 MP) to strengthen your wands.


   Skills:
 - Level 8.1 Fighting
 - Level 12.0 Ranged Weapons
 - Level 3.1 Armour
 + Level 5.1 Dodging
 - Level 1.0 Spellcasting
 - Level 2.0 Hexes
 - Level 4.0 Invocations


You had 10 spell levels left.
You knew the following spells:

 Your Spells              Type           Power      Damage    Failure   Level
a - Slow                  Hex            16%        N/A       16%         1

Your spell library contained the following spells:

 Spells                   Type           Power      Damage    Failure   Level
 Inner Flame              Hex/Fire       2%         N/A       56%         3
 Portal Projectile        Hex/Tloc       4%         N/A       56%         3
 Cause Fear               Hex            2%         N/A       83%         4

Inventory:

Hand Weapons
 Y - a +0 arbalest of freezing (weapon)
Armour
 e - a +1 hat (worn)
 n - a +0 pair of gloves (worn)
 t - +0 steam dragon scales (worn)
 u - a +0 cloak (worn)
Jewellery
 b - a ring of ice
 d - a ring of fire
 g - a ring of positive energy (left hand)
 h - a ring of positive energy (right hand)
 m - an amulet of reflection
 p - an amulet of faith (around neck)
Scrolls
 i - a scroll of identify
Potions
 c - a potion of heal wounds {unknown}
 f - a potion of mutation
 k - 4 potions of curing
 l - 2 potions of enlightenment
 o - a potion of haste
 q - a potion of magic {unknown}
 r - a potion of cancellation

Dungeon Overview and Level Annotations

Branches:
Dungeon (9/15)             Temple (1/1) D:6            Lair (0/5) D:9
    Orc: D:9-12

Altars:
Ashenzari
Cheibriados
Dithmenos
Elyvilon
Fedhas
Gozag
Hepliaklqana
Kikubaaqudgha
Makhleb
Nemelex Xobeh
Okawaru
Qazlal
Sif Muna
Trog
Uskayaw
Vehumet
Wu Jian
Xom
Yredelemnul
Zin
The Shining One

Shops:
D:3 (=   D:6 [


Message History

You resist with some effort. The basilisk gazes at you.
The water moccasin bites you but does no damage.
The wyvern bites you but does no damage.
The water moccasin bites you!
The basilisk bites you but does no damage.
The basilisk bites you. The wyvern bites you.
The water moccasin bites you but does no damage.
The wyvern bites you! The basilisk bites you. The basilisk gazes at you.
The water moccasin bites you. The wyvern bites you.
The basilisk bites you but does no damage.
The basilisk gazes at you. The wyvern bites you!
The water moccasin bites you but does no damage.
You turn to flesh and can move again.
There is a stone staircase leading down here.
Enter note:
Enter note:
Enter note:
Enter note:
Enter note:
Enter note:
Enter note:
Enter note:
Enter note:
Enter note:
Enter note:
Enter note:
Enter note:
Enter note:
Enter note:
Enter note:
Enter note:
Enter note:
7231 ||| READING scroll of teleportation.
As you read the scroll of teleportation, it crumbles to dust.
You feel strangely unstable. The wyvern bites you!
The water moccasin bites you.
You die...

###### ### ###....#### # ####
###.###.........#### ## ...##
#...#..............# ##.
....#####...#.............## #..
......##...##.............# ##.#
....#......#...S..........# ##.##
.<...##...##....@l........###..#
.....###..##....ll.......###..###
.....# ##.##.............###.....
.....# #..#.............##......
.....# ##.##...........##.......
.....# ##.###.........#..#.....
###### ##.....................
###....##.....##........
#......###..#####.......


You could see 2 basilisks, a water moccasin and a wyvern.

Vanquished Creatures
  Grinder (D:3)
  Sigmund (D:6)
  A wyvern (D:8)
  Eustachio (D:6)
  A yak (D:9)
  2 steam dragons (D:7)
  Menkaure (D:6)
  2 water moccasins
  Duvessa (D:6)
  An orc warrior (D:8)
  A sky beast (D:6)
  2 black bears
  4 ice beasts
  An ogre (D:4)
  A kobold brigand (D:7)
  4 bullfrogs
  2 scorpions
  Dowan (D:6)
  8 killer bees
  An electric eel (D:8)
  2 jellies (D:5)
  5 hounds
  A gnoll bouda (D:4)
  2 sleepcaps
  An orc priest (D:6)
  4 iguanas
  An orc wizard (D:8)
  6 gnolls
  8 adders
  A shadow imp (D:5)
  5 white imps
  2 worms
  5 dart slugs
  10 orcs
  5 ball pythons
  8 endoplasms
  5 giant cockroaches
  5 goblins
  5 hobgoblins
  6 jackals (D:2)
  2 quokkas (D:2)
  4 bats
  A frilled lizard (D:2)
  11 kobolds
  4 rats
146 creatures vanquished.

Notes
Turn   | Place    | Note
-------+----------+-------------------------------------------
     0 | D:1      | qw the Minotaur Hexslinger began the quest for the Orb.
     0 | D:1      | Reached XP level 1. HP: 16/16 MP: 1/1
     0 | D:1      | 0 ||| qw: Version: 0.3-a-52-g30416fa
     0 | D:1      | 0 ||| qw: Game counter: 5287
     0 | D:1      | 0 ||| qw: Melee chars always use a shield: true
     0 | D:1      | 0 ||| qw: God list: Okawaru
     0 | D:1      | 0 ||| qw: Allow faded altars: false
     0 | D:1      | 0 ||| qw: Do Orc after clearing Dungeon:15 true
     0 | D:1      | 0 ||| qw: Do second Lair branch before Depths: true
     0 | D:1      | 0 ||| qw: Lair rune preference: random
     0 | D:1      | 0 ||| qw: Goals: Normal
     0 | D:1      | 0 ||| PLANNING D:1-11
   296 | D:1      | Found a faded altar of an unknown god.
   387 | D:1      | Reached skill level 3 in Ranged Weapons
   547 | D:1      | 547 ||| DROPPING ring of wizardry.
   548 | D:1      | 548 ||| UPGRADING to ring of positive energy.
   549 | D:1      | 549 ||| UPGRADING to ring of positive energy.
   550 | D:1      | 550 ||| READING scroll labelled YRPHEY KAUGADYE.
   551 | D:1      | 551 ||| READING scroll labelled XACROJ EXZU.
   552 | D:1      | 552 ||| READING scroll labelled WIRUGI UCEGHI.
   556 | D:1      | 556 ||| DROPPING scroll of poison.
   579 | D:2      | Reached XP level 2. HP: 23/23 MP: 2/2
   638 | D:2      | Reached XP level 3. HP: 29/29 MP: 3/3
   638 | D:2      | Found a shadowy altar of Dithmenos.
   798 | D:2      | Reached skill level 4 in Ranged Weapons
  1118 | D:2      | 1118 ||| UPGRADING to +0 ring mail.
  1128 | D:2      | 1128 ||| DROPPING +0 robe.
  1129 | D:2      | 1129 ||| UPGRADING to +1 hat.
  1134 | D:2      | 1134 ||| UPGRADING to amulet of reflection.
  1139 | D:2      | 1139 ||| READING scroll labelled KABRAL TOYQERE.
  1140 | D:2      | 1140 ||| READING scroll labelled QYZASO KASIAMP.
  1311 | D:3      | Found Ipoir's Weapon Shoppe.
  1314 | D:3      | 1314 ||| BUYING +0 orcbow of flaming (107 gold).
  1314 | D:3      | Bought a +0 orcbow of flaming for 107 gold pieces
  1314 | D:3      | 1314 ||| SWAPPING to +0 orcbow of flaming.
  1315 | D:3      | 1315 ||| DROPPING +2 sling.
  1366 | D:3      | Reached skill level 1 in Armour
  1385 | D:3      | Reached XP level 4. HP: 36/36 MP: 4/4
  1592 | D:3      | Noticed Grinder
  1594 | D:3      | 1594 ||| FLEEEEING.
  1600 | D:3      | Paralysed by Grinder for 3 turns
  1608 | D:3      | Paralysed by Grinder for 5 turns
  1615 | D:3      | Killed Grinder
  1616 | D:3      | Reached skill level 6 in Ranged Weapons
  1616 | D:3      | Reached XP level 5. HP: 24/41 MP: 5/5
  1616 | D:3      | Reached XP level 6. HP: 29/48 MP: 6/6
  1694 | D:3      | Found Cueh's Jewellery Shoppe.
  1702 | D:3      | 1702 ||| SHOPLISTING +6 ring of dexterity (396 gold, have
                  | 22).
  1702 | D:3      | 1702 ||| SHOPLISTING ring "Orhauc" {rElec rCorr Str+6
                  | Stlth+} (642 gold, have 22).
  1702 | D:3      | 1702 ||| SHOPLISTING ring of poison resistance (220 gold,
                  | have 22).
  2077 | D:3      | Reached skill level 3 in Fighting
  2413 | D:4      | 2413 ||| DRINKING 2 pink potions.
  2457 | D:4      | 2457 ||| READING scroll of enchant weapon.
  2457 | D:4      | 2457 ||| ENCHANTING +0 orcbow of flaming.
  2544 | D:4      | 2544 ||| UPGRADING to +0 pair of gloves.
  2602 | D:4      | 2602 ||| Stepping ~*~*~tactically~*~*~ (outnumbered).
  2619 | D:4      | Reached skill level 7 in Ranged Weapons
  2746 | D:4      | 2746 ||| UPGRADING to amulet of faith.
  2761 | D:4      | Reached XP level 7. HP: 59/59 MP: 7/7
  3265 | D:4      | 3265 ||| DRINKING 2 viscous silvery potions.
  3297 | D:4      | 3297 ||| DRINKING 2 dark potions.
  3298 | D:4      | 3298 ||| DRINKING 2 glowing coppery potions.
  3299 | D:4      | 3299 ||| DROPPING potion of lignification.
  3349 | D:5      | Entered Level 5 of the Dungeon
  3449 | D:5      | 3449 ||| Stepping ~*~*~tactically~*~*~ (outnumbered).
  3556 | D:5      | Reached skill level 8 in Ranged Weapons
  4291 | D:5      | 4291 ||| READING scroll labelled CIPSUR CAPPY.
  4292 | D:5      | 4292 ||| READING scroll labelled FESIAFREHA.
  4293 | D:5      | 4293 ||| READING scroll labelled AFYOLE JIXANTY.
  4370 | D:5      | 4370 ||| DRINKING 2 green potions.
  4370 | D:5      | Gained mutation: You are weak. (Str -2) [potion of
                  | mutation]
  4370 | D:5      | Gained mutation: You expend magic power (3 MP) to
                  | strengthen your wands. [potion of mutation]
  4370 | D:5      | Gained mutation: Your system is resistant to poisons.
                  | (rPois) [potion of mutation]
  4371 | D:5      | 4371 ||| READING 2 scrolls of identify.
  4371 | D:5      | 4371 ||| IDENTIFYING viscous green potion
  4470 | D:6      | Reached skill level 9 in Ranged Weapons
  4470 | D:6      | Reached XP level 8. HP: 67/68 MP: 8/8
  4589 | D:6      | Noticed Sigmund
  4596 | D:6      | Killed Sigmund
  4601 | D:6      | Noticed Eustachio
  4610 | D:6      | Reached skill level 6 in Fighting
  4613 | D:6      | Killed Eustachio
  4615 | D:6      | 4615 ||| FLEEEEING.
  4616 | D:6      | 4616 ||| FLEEEEING.
  4617 | D:6      | 4617 ||| FLEEEEING.
  4618 | D:6      | 4618 ||| FLEEEEING.
  4619 | D:6      | 4619 ||| FLEEEEING.
  4620 | D:6      | 4620 ||| FLEEEEING.
  4621 | D:6      | 4621 ||| FLEEEEING.
  4675 | D:6      | Noticed Menkaure
  4678 | D:6      | Killed Menkaure
  4679 | D:6      | Reached skill level 10 in Ranged Weapons
  4680 | D:6      | 4680 ||| FLEEEEING.
  4724 | D:6      | Found Moruid's Antique Armour Shoppe.
  4728 | D:6      | 4728 ||| SHOPLISTING pair of embroidered gloves (217 gold,
                  | have 141).
  4925 | D:6      | Noticed Dowan
  4926 | D:6      | Noticed Duvessa
  4939 | D:6      | Killed Duvessa
  4941 | D:6      | Killed Dowan
  4992 | D:6      | Reached XP level 9. HP: 68/79 MP: 9/9
  5039 | D:6      | Found a staircase to the Ecumenical Temple.
  5040 | D:6      | 5040 ||| PLANNING TEMPLE
  5040 | D:6      | 5040 ||| READING scroll labelled OHAFAV NOT FOSY.
  5041 | D:6      | 5041 ||| READING scroll labelled VISEYL EFUL.
  5042 | D:6      | 5042 ||| DRINKING 2 blue potions.
  5043 | D:6      | 5043 ||| DRINKING 3 murky golden potions.
  5044 | D:6      | 5044 ||| DROPPING potion of brilliance.
  5045 | D:6      | 5045 ||| DROPPING 2 potions of degeneration.
  5051 | Temple   | Entered the Ecumenical Temple
  5051 | Temple   | Found a transporter.
  5051 | Temple   | Found a transporter.
  5053 | Temple   | Found a transporter.
  5053 | Temple   | Found a transporter.
  5063 | Temple   | 5063 ||| PLANNING D:1-11
  5066 | Temple   | 5066 ||| PLANNING OKAWARU WORSHIP
  5072 | Temple   | Became a worshipper of Warmaster Okawaru
  5073 | Temple   | 5073 ||| PLANNING D:1-11
  5112 | D:6      | Reached skill level 3 in Armour
  5268 | D:6      | 5268 ||| READING scroll of enchant weapon.
  5268 | D:6      | 5268 ||| ENCHANTING +1 orcbow of flaming.
  5605 | D:7      | Reached skill level 11 in Ranged Weapons
  5639 | D:7      | 5639 ||| FLEEEEING.
  5640 | D:7      | 5640 ||| FLEEEEING.
  5641 | D:7      | 5641 ||| FLEEEEING.
  5763 | D:7      | Found an opulent altar of Gozag.
  5827 | D:7      | Found a stormy altar of Qazlal.
  5932 | D:7      | 5932 ||| SWAPPING to +0 arbalest of freezing.
  5933 | D:7      | 5933 ||| DROPPING +2 orcbow of flaming.
  6048 | D:7      | Reached * piety under Okawaru
  6085 | D:7      | 6085 ||| INVOKING Heroism.
  6087 | D:7      | 6087 ||| Stepping ~*~*~tactically~*~*~ (cloud).
  6090 | D:7      | Reached skill level 1 in Invocations
  6166 | D:7      | 6166 ||| UPGRADING to +0 steam dragon scales.
  6176 | D:7      | 6176 ||| DROPPING +0 ring mail.
  6321 | D:8      | Found a flagged portal.
  6342 | D:8      | Identified the +4 halberd "Beastbane" {venom, rPois rC+
                  | Int+3}
  6377 | D:8      | Reached skill level 3 in Invocations
  6379 | D:8      | Reached skill level 12 in Ranged Weapons
  6382 | D:8      | Reached ** piety under Okawaru
  6768 | D:8      | 6768 ||| INVOKING Heroism.
  6794 | D:8      | 6794 ||| INVOKING Heroism.
  7051 | D:8      | 7051 ||| UPGRADING to +0 cloak.
  7056 | D:8      | 7056 ||| READING scroll labelled TIOCIE BYASUG.
  7057 | D:8      | 7057 ||| DRINKING 2 black potions.
  7162 | D:8      | 7162 ||| DROPPING potion of berserk rage.
  7214 | D:9      | Found a staircase to the Lair.
  7219 | D:9      | Reached XP level 10. HP: 88/88 MP: 12/12
  7222 | D:9      | 7222 ||| STAIRDANCE
  7229 | D:8      | HP: 21/88 [basilisk (2)]
  7231 | D:8      | 7231 ||| READING scroll of teleportation.
  7231 | D:8      | HP: 2/88 [wyvern (11)]
  7231 | D:8      | Slain by a water moccasin

Levels and vault maps discovered:
D:1:      matt_arrival_los_fun, layout_basic, shapermc_ecumenical_altar_pompeii,
          minmay_tetromino_s2
D:2:      layout_basic, basic_altar
D:3:      layout_loops_corners, serial_shops, nicolae_shop_behind_doors, shop,
          uniq_grinder
D:4:      layout_loops_corners, serial_glass, glass_columns_b, glass_columns_a,
          glass_columns_b, glass_columns_a, glass_columns_a, glass_columns_a,
          glass_columns_b, glass_columns_b, glass_columns_a, glass_columns_b
D:5:      layout_basic
D:6:      layout_loops_ring, temple_green, serial_shops, shop, uniq_sigmund,
          uniq_duvessa, uniq_eustachio, uniq_menkaure
D:7:      layout_gridville, mainiacjoe_overflow_catch_the_wave
D:8:      layout_cave_pods, enter_bailey_2, kennysheep_minor_cross
D:9:      layout_basic, minmay_lair_entry_grove
Temple:   hellmonk_temple_divided_pantheon

Skill      XL: |  1  2  3  4  5  6  7  8  9 |
---------------+----------------------------+-----
Ranged Weapons | 3 4 6 7 9 10 12 | 12.0
Fighting       | 2 4 5 7 8 |  8.1
Armour         | 1 2 3 |  3.1
Dodging        | 4 5 |  5.1
Invocations    | 4 |  4.0
Spellcasting   | |  1.0
Hexes          | |  2.0

Action                     |  1- 3 |  4- 6 |  7- 9 | 10-12 || total
---------------------------+-------+-------+-------+-------++-------
   Fire: Sling             |    83 |       |       |       ||    83
         Orcbow            |    12 |   102 |   218 |       ||   332
         Arbalest          |       |       |    56 |     3 ||    59
 Invoke: Heroism           |       |       |     3 |       ||     3
    Use: Scroll            |     5 |     1 |     8 |     1 ||    15
         Potion            |       |     1 |     7 |       ||     8
 Armour: Robe              |     4 |       |       |       ||     4
         Ring mail         |     2 |    14 |    48 |       ||    64
         Steam dragon scal |       |       |     2 |     9 ||    11
  Dodge: Dodged            |    27 |    26 |   126 |     8 ||   187
  Block: Other             |     5 |     9 |       |       ||    14
         Reflection        |     1 |     1 |       |       ||     2

Table legend:
 A = Non-vault XP
 B = Vault XP
 C = Vault XP percentage of total XP
 D = Non-vault monster count
 E = Vault monster count
 F = Vault count percentage of total count
                 A         B        C        D         E       F
            +---------+---------+-------+---------+---------+-------
      Total |    4303 |    1304 |  23.3 |     137 |       9 |   6.2
            +---------+---------+-------+---------+---------+-------
        D:1 |       7 |       4 |  36.4 |       4 |       2 |  33.3
        D:2 |      73 |       0 |   0.0 |      29 |       0 |   0.0
        D:3 |     100 |     277 |  73.5 |      16 |       1 |   5.9
        D:4 |     303 |       0 |   0.0 |      20 |       0 |   0.0
        D:5 |     619 |       0 |   0.0 |      12 |       0 |   0.0
        D:6 |     754 |     824 |  52.2 |      19 |       5 |  20.8
        D:7 |    1083 |       0 |   0.0 |      17 |       0 |   0.0
        D:8 |    1364 |       0 |   0.0 |      20 |       0 |   0.0
        D:9 |       0 |     199 | 100.0 |       0 |       1 | 100.0
            +---------+---------+-------+---------+---------+-------
